 Dungeon Crawl Stone Soup version 0.14-a0-942-gbd853f2 (webtiles) character file.

10867 PolkaDot the Conjurer (level 11, -22/66 (68) HPs)
             Began as a Vampire Conjurer on Nov 19, 2013.
             Was a Priest of Vehumet.
             Killed from afar by an ice statue (27 damage)
             ... with a shard of ice
             ... in an ice cave.
             The game lasted 01:28:43 (18335 turns).

PolkaDot the Conjurer (Vampire Conjurer)           Turns: 18335, Time: 01:28:43

HP -22/66 (68)   AC  4     Str  7      XL: 11   Next: 36%
MP  22/22        EV 12     Int 20      God: Vehumet [***...]
Gold 428         SH  0     Dex 14      Spells:  6 memorised,  0 levels left

Res.Fire  : . . .   See Invis. : +   y - +2,+3 scimitar
Res.Cold  : + + .   Warding    : .   p - +1 robe
Life Prot.: + + +   Conserve   : .   (no shield)
Res.Poison: +       Res.Corr.  : .   (no helmet)
Res.Elec. : .       Clarity    : .   m - +0 cloak
Sust.Abil.: . .     Spirit.Shd : .   (no gloves)
Res.Mut.  : .       Stasis     : .   j - +0 pair of boots
Res.Rott. : +       Flight     : .   (no amulet)
Saprovore : . . .                    (no ring)
                                     f - +0,+5 ring of slaying {unknown}

@: non-regenerating, somewhat resistant to hostile enchantments, stealthy
A: bottle blood, fangs 3, see invisible, deformed body, unbreathing
a: Bat Form, Bottle Blood, Renounce Religion


You were in an ice cave.
You worshipped Vehumet.
Vehumet was most pleased with you.
You were bloodless.

You visited 2 branches of the dungeon, and saw 12 of its levels.
You also visited: Labyrinth and Ice Cave.

You collected 458 gold pieces.
You spent 30 gold pieces at shops.

Inventory:

Hand weapons
 y - a +2,+3 scimitar (weapon)
Armour
 j - a +0 pair of boots (worn)
 m - a +0 cloak (worn)
 p - a +1 robe (worn)
 C - a +2 troll leather armour
Magical devices
 n - a wand of confusion (13)
 u - a wand of random effects (16)
 x - a wand of frost (12)
 A - a wand of lightning (3)
Scrolls
 b - a scroll of fog
 d - a scroll of enchant armour
 h - a scroll of enchant weapon I
 i - 4 scrolls of remove curse
 k - a scroll of curse jewellery {unknown}
 l - a scroll of fear
 o - a scroll of amnesia
 q - a scroll of enchant weapon II
 r - 10 scrolls of identify
 s - a scroll of curse weapon {unknown}
 t - a scroll of noise
 v - a scroll of acquirement {unknown}
 w - a scroll of recharging {unknown}
 B - a scroll of summoning {unknown}
Jewellery
 f - a +0,+5 ring of slaying (left hand) {unknown}
Books
 a - a book of Beasts

   Spells                             Type                      Level
   Summon Butterflies                 Summoning                    1
   Sticks to Snakes                   Transmutation                2
   Call Canine Familiar               Summoning                    3
   Ice Form                           Ice/Transmutation            4
   Summon Ice Beast                   Ice/Summoning                4
   Summon Hydra                       Summoning                    7
 c - a book of Conjurations

   Spells                             Type                      Level
   *Magic Dart                        Conjuration                  1
   *Searing Ray                       Conjuration                  2
   Dazzling Spray                     Conjuration/Hexes            3
   *Iskenderun's Mystic Blast         Conjuration                  4
   *Iskenderun's Battlesphere         Conjuration/Charms           4
   Fulminant Prism                    Conjuration/Hexes            5
 z - a book of Minor Magic

   Spells                             Type                      Level
   *Magic Dart                        Conjuration                  1
   Blink                              Translocation                2
   Call Imp                           Summoning                    2
   Repel Missiles                     Charms/Air                   2
   Slow                               Hexes                        2
   Conjure Flame                      Conjuration/Fire             3
   *Mephitic Cloud                    Conjuration/Poison/Air       3


   Skills:
 + Level 1.4 Armour
 - Level 2.1 Dodging
 - Level 3.0 Stealth
 + Level 4.1 Spellcasting
 - Level 11.0 Conjurations
 - Level 9.6 Charms
 * Level 5.5 Air Magic


You couldn't memorise any spells.
You knew the following spells:

 Your Spells              Type           Power        Failure   Level  Hunger
a - Magic Dart            Conj           ####         1%          1    None
b - Airstrike             Air            ####......   4%          4    ####...
d - Iskenderun's Mystic   Conj           #####...     1%          4    ####...
s - Searing Ray           Conj           #####.       1%          2    #......
x - Mephitic Cloud        Conj/Pois/Air  ####....     1%          3    ###....
z - Iskenderun's Battles  Conj/Chrm      #####...     1%          4    ####...


Dungeon Overview and Level Annotations

Branches:
Dungeon (11/16)            Temple (1/1) D:6             Orc (0/4) D:7
   Lair (0/8) D:10

Altars:
Ashenzari
Cheibriados
Elyvilon
Fedhas
Kikubaaqudgha
Makhleb
Nemelex Xobeh
Okawaru
Sif Muna
Trog
Vehumet
Xom
Yredelemnul
Zin
the Shining One
Jiyva

Shops:
D:5 +?/

Annotations:
D:10 Gastronok
D:11 Maurice IceCv exclusion: ice statue


Innate Abilities, Weirdness & Mutations

You do not heal naturally.
You can bottle blood from corpses.
You have razor-sharp teeth.*
You have supernaturally acute eyesight.
You can survive without breathing.*
Armour fits poorly on your strangely shaped body.*


Message History

You continue memorising.
You finish memorising.
You swap places.
Casting: Magic Dart
Confirm with . or Enter, or press ? or * to list all spells.
You don't know that spell.
Casting: Magic Dart
Confirm with . or Enter, or press ? or * to list all spells.
Aiming: Iskenderun's Mystic Blast
Press: ? - help, Shift-Dir - straight line The orb of energy explodes!
You start resting.
Your battlesphere wavers and loses cohesion.
You start resting.
Magic restored.
You see here a rotting wolf corpse.
Really walk into a travel-excluded area?
The ice statue throws ice at you. The shard of ice hits you!
You partially resist.
You die...

##..###...##
#...###.###
##..#####.##
##..###.[.#
##......##
#....#..#
##.####.#
### #%.#
#@.#
#...%.##
#..8...##
.#..### #. #


You could see an ice statue.

Vanquished Creatures
  A minotaur (Lab)
  A hill giant (D:10)
  2 trolls (D:9)
  A polar bear (IceCv)
  2 wyverns
  5 yaks (D:9)
  A hippogriff (D:8)
  4 hungry ghosts
  The ghost of SublimeSnake the Covered, an average FoFi (D:7)
  2 manticores
  3 wolves (IceCv)
  2 elf zombies (D:8)
  A necrophage (D:8)
  The ghost of Wolfram the Digger, an average GrEE (D:4)
  A deep dwarf (D:8)
  3 sky beasts
  3 human zombies (D:8)
  5 ice beasts
  3 ogres
  5 centaurs
  6 orc warriors
  5 phantoms
  A big kobold (D:11)
  8 giant frogs
  Blork the orc (D:6)
  A water moccasin (D:8)
  3 human skeletons (D:8)
  A hippogriff zombie (D:6)
  A manticore skeleton (D:9)
  A yak zombie (D:8)
  3 killer bees (D:9)
  2 yak skeletons
  7 wights
  5 crimson imps
  2 goliath beetles
  A centaur zombie (D:9)
  5 jellies
  3 iguanas
  Crazy Yiuf (D:4)
  6 hounds
  2 scorpions (D:8)
  6 orc priests
  12 worker ants
  A giant frog skeleton (D:10)
  3 orc wizards
  Ijyb (D:2)
  An ogre skeleton (D:8)
  A mummy (D:8)
  5 gnolls
  10 adders
  A worker ant zombie (D:8)
  5 giant mites
  5 worms
  A scorpion zombie (D:8)
  2 giant eyeballs
  8 giant geckos
  25 orcs
  4 giant cockroaches
  8 goblins
  7 hobgoblins
  9 jackals
  16 kobolds
  3 oozes
  4 quokkas
  2 ball pythons
  17 bats
  A giant cockroach zombie (D:6)
  6 giant newts
  A goblin skeleton (D:4)
  An orc skeleton (D:8)
  An orc zombie (D:5)
  A quokka zombie (D:9)
  18 rats
  3 ballistomycetes (D:9)
  A fungus (D:4)
302 creatures vanquished.

Vanquished Creatures (others)
  2 wolves (IceCv)
  2 yaks (IceCv)
  A quokka (D:9)
  A giant spore (D:9)
6 creatures vanquished.

Grand Total: 308 creatures vanquished

Notes
Turn   | Place    | Note
--------------------------------------------------------------
     0 | D:1      | PolkaDot, the Vampire Conjurer, began the quest for the Orb.
     0 | D:1      | Reached XP level 1. HP: 13/13 MP: 4/4
   318 | D:1      | Reached XP level 2. HP: 17/19 MP: 0/5
   541 | D:1      | Learned a level 2 spell: Searing Ray
   910 | D:1      | Reached XP level 3. HP: 24/24 MP: 1/6
  1374 | D:2      | Reached skill level 4 in Conjurations
  1607 | D:2      | Noticed Ijyb
  1624 | D:2      | Killed Ijyb
  1624 | D:2      | Reached XP level 4. HP: 26/30 MP: 2/8
  3246 | D:4      | Noticed Wolfram's ghost (average GrEE)
  3257 | D:4      | Killed Wolfram's ghost
  3257 | D:4      | Reached skill level 5 in Conjurations
  3257 | D:4      | Reached XP level 5. HP: 26/35 MP: 1/9
  3345 | D:4      | Reached XP level 6. HP: 17/41 MP: 1/10
  3363 | D:4      | Gained mutation: Armour fits poorly on your strangely shaped body. [potion of mutation]
  3375 | D:5      | Entered Level 5 of the Dungeon
  3637 | D:5      | Found Khubleij's Book Shoppe.
  3648 | D:5      | Reached skill level 6 in Conjurations
  3953 | D:5      | Reached XP level 7. HP: 39/44 MP: 2/11
  3959 | D:5      | Learned a level 4 spell: Iskenderun's Battlesphere
  4194 | D:5      | Found Foptillu's Magic Scroll Emporium.
  4200 | D:5      | Bought a scroll of identify for 30 gold pieces
  4218 | D:5      | Reached skill level 1 in Charms
  4288 | D:5      | Found Psaludi's Magical Wand Shop.
  5256 | D:5      | Reached skill level 7 in Conjurations
  5660 | D:5      | Reached XP level 8. HP: 38/50 MP: 8/13
  5891 | D:6      | Noticed Blork the orc
  6196 | D:6      | Killed Blork the orc
  6268 | D:6      | HP: 2/50 [wight/scimitar (8)]
  6902 | D:6      | Reached skill level 8 in Conjurations
  7528 | D:6      | Found a staircase to the Ecumenical Temple.
  7571 | Temple   | Entered the Ecumenical Temple
  7732 | Temple   | Became a worshipper of Vehumet
  8394 | D:4      | Noticed Crazy Yiuf
  8399 | D:4      | Killed Crazy Yiuf
  8602 | D:6      | Reached skill level 5 in Charms
  9227 | D:6      | Reached XP level 9. HP: 42/55 MP: 9/14
  9527 | D:7      | Noticed SublimeSnake's ghost (average FoFi)
  9553 | D:7      | Killed SublimeSnake's ghost
  9683 | D:7      | Reached skill level 9 in Conjurations
 10036 | D:7      | Paralysed by a giant eyeball for 3 turns
 10315 | D:7      | Found a staircase to the Orcish Mines.
 10831 | D:8      | Acquired Vehumet's first power
 10831 | D:8      | Offered knowledge of Flame Tongue by Vehumet.
 11402 | D:8      | Found a basalt altar of Yredelemnul.
 12199 | D:8      | Reached skill level 10 in Conjurations
 12476 | D:8      | Reached XP level 10. HP: 47/61 MP: 4/15
 12568 | D:8      | Offered knowledge of Sting by Vehumet.
 12616 | D:8      | Learned a level 4 spell: Iskenderun's Mystic Blast
 13132 | D:8      | Found a viscous altar of Jiyva.
 13704 | D:9      | Paralysed by a giant eyeball for 4 turns
 14266 | D:8      | Offered knowledge of Mephitic Cloud by Vehumet.
 14436 | D:10     | Entered Level 10 of the Dungeon
 14513 | D:10     | Learned a level 3 spell: Mephitic Cloud
 14530 | D:9      | Reached skill level 1 in Air Magic
 14949 | D:9      | Acquired Vehumet's second power
 15042 | D:10     | Noticed Gastronok
 15411 | D:10     | Found a staircase to the Lair.
 15787 | D:10     | Reached skill level 11 in Conjurations
 15892 | D:10     | Reached XP level 11. HP: 66/66 MP: 12/20
 16013 | D:10     | Noticed a hill giant
 16021 | D:10     | Killed a hill giant
 16332 | D:11     | Offered knowledge of Airstrike by Vehumet.
 16342 | D:11     | Found a labyrinth entrance.
 16350 | Lab      | Entered a labyrinth
 16809 | Lab      | Noticed a minotaur
 16822 | Lab      | Killed a minotaur
 16822 | Lab      | Reached skill level 5 in Air Magic
 17612 | D:11     | Reached skill level 1 in Armour
 17661 | D:11     | Noticed Maurice
 17696 | D:11     | Found a frozen archway.
 17701 | IceCv    | Entered an ice cave
 18119 | IceCv    | Noticed an ice statue
 18289 | IceCv    | Learned a level 4 spell: Airstrike
 18335 | IceCv    | Killed from afar by an ice statue

Action                   |  1- 3 |  4- 6 |  7- 9 | 10-12 || total
-------------------------+-------+-------+-------+-------++-------
Melee: Short sword       |    22 |    79 |    45 |       ||   146
       Scimitar          |       |       |     2 |    25 ||    27
 Cast: Magic Dart        |    35 |    16 |    77 |    87 ||   215
       Searing Ray       |     7 |    17 |   103 |    48 ||   175
       Iskenderun's Batt |       |       |    20 |    31 ||    51
       Iskenderun's Myst |       |       |       |    22 ||    22
       Mephitic Cloud    |       |       |       |     9 ||     9
 Abil: Bottle Blood      |       |       |       |     6 ||     6
Evoke: Wand              |       |       |       |     4 ||     4
  Use: Potion            |     2 |     7 |     2 |     8 ||    19
       Scroll            |       |     2 |    13 |     6 ||    21
 Stab: Sleeping          |     1 |     8 |     1 |       ||    10
       Distracted        |       |     1 |       |       ||     1
       Confused          |       |       |       |     1 ||     1
